 Dungeon Crawl Stone Soup version 0.18.1-50-g88ac8fd (webtiles) character file.

17742 magog001 the Blocker (level 12, -12/104 HPs)
             Began as a Minotaur Fighter on Aug 26, 2017.
             Was a Believer of Nemelex Xobeh.
             Mangled by an enormous slime creature (47 damage)
             ... on level 12 of the Dungeon.
             The game lasted 01:09:11 (12926 turns).

magog001 the Blocker (Minotaur Fighter)            Turns: 12926, Time: 01:09:12

Health: -12/104    AC: 13    Str: 26    XL:     12   Next: 21%
Magic:  0/11       EV: 16    Int:  5    God:    Nemelex Xobeh [**....]
Gold:   244        SH: 13    Dex: 12    Spells: 0 memorised, 11 levels left

rFire  . . .     SeeInvis .     v - +5 spear (pierce)
rCold  . . .     Gourm    .     p - +4 ring mail
rNeg   . . .     Faith    .     c - +0 shield
rPois  +         Spirit   +     (helmet restricted)
rElec  .         Dismiss  .     (no cloak)
rCorr  .         Reflect  .     z - +1 pair of gloves of Egalitarianism {rPois Slay+2}
SustAt .         Harm     .     (no boots)
MR     .....                    q - amulet of guardian spirit
Stlth  +.........               (no ring)
                                A - +2 ring of strength

@: not resistant to hostile enchantments, very unstealthy
A: retaliatory headbutt, horns 2
a: Renounce Religion


You were on level 12 of the Dungeon.
You worshipped Nemelex Xobeh.
Nemelex Xobeh was pleased with you.
You were not hungry.

You visited 1 branch of the dungeon, and saw 12 of its levels.

You collected 683 gold pieces.
You spent 439 gold pieces at shops.

Inventory:

Hand Weapons
 a - a +0 blowgun
 s - a +4 dagger of venom
 v - a +5 spear of piercing (weapon)
Missiles
 u - 3 curare-tipped needles
 x - 53 poisoned needles
 y - 12 tomahawks (quivered)
Armour
 c - a +0 shield (worn)
 p - a +4 ring mail (worn)
 z - the +1 pair of gloves of Egalitarianism (worn) {rPois Slay+2}
   (You found it on level 6 of the Dungeon)

   It affects your accuracy and damage with ranged weapons and melee attacks
   (+2).
   It protects you from poison.
Jewellery
 q - an amulet of guardian spirit (around neck)
 A - a +2 ring of strength (left hand)
Wands
 d - a wand of teleportation (4/9)
 g - a wand of polymorph (10/24)
 r - a wand of flame (0/48)
 t - a wand of acid (9/15)
 D - a wand of iceblast (6/15)
 H - a wand of lightning (1/15)
 J - a wand of disintegration (2/24)
Scrolls
 j - 3 scrolls of teleportation
 l - a scroll of fear
 n - 3 scrolls of magic mapping
 B - 2 scrolls of fog
 E - a scroll of identify
 G - a scroll of enchant armour
Potions
 e - a potion of brilliance {unknown}
 i - 2 potions of curing
 k - 3 potions of lignification
 m - 3 potions of invisibility
 w - a potion of flight {unknown}
 F - 3 potions of cure mutation
 I - a potion of berserk rage {unknown}
Miscellaneous
 b - a plain deck of escape
 h - a plain deck of destruction {drawn: 3}
 C - a plain deck of escape
 K - a phantom mirror
Comestibles
 f - 12 bread rations
 o - a meat ration


   Skills:
 * Level 9.3 Fighting
   Level 2.6(6.4) Axes
 * Level 9.3(9.5) Polearms
 * Level 6.3 Throwing
 * Level 9.4 Armour
 * Level 10.7 Dodging
 * Level 12.6 Shields
 + Level 0.6 Evocations


You had 11 spell levels left.
You didn't know any spells.

Dungeon Overview and Level Annotations

Branches:
Dungeon (12/15)            Temple (0/1) D:4            Lair (0/8) D:11
    Orc (0/2) D:12

Altars:
Ashenzari
Dithmenos
Elyvilon
Kikubaaqudgha
Makhleb
Nemelex Xobeh
Pakellas
Qazlal
Sif Muna
Vehumet

Shops:
D:10 *   D:12 ?

Portals:
Trove: D:11 (give 12 potions of heal wounds)


Innate Abilities, Weirdness & Mutations

You reflexively headbutt those who attack you in melee.
You have a pair of horns on your head.


Message History

Zapping:
J - a wand of disintegration (4/24)
Press: ? - help, Shift-Dir - straight line, f/p - enormous slime creature
Aim: an enormous slime creature (heavily wounded, chance to defeat MR: 50%)
The enormous slime creature is blasted.
This wand has 3 charges left.
You block the enormous slime creature's attack.
Evoke which item? (* to show all) (? for menu, Esc to quit)
Zapping:
J - a wand of disintegration (3/24)
Press: ? - help, Shift-Dir - straight line, f/p - enormous slime creature
Aim: an enormous slime creature (severely wounded, chance to defeat MR: 50%)
The enormous slime creature resists with some effort.
This wand has 2 charges left.
The enormous slime creature hits you!!!
Evoke which item? (* to show all) (? for menu, Esc to quit)
Zapping:
g - a wand of polymorph {zapped: 2} (will waste charges)
Press: ? - help, Shift-Dir - straight line, f/p - enormous slime creature
Aim: an enormous slime creature (severely wounded, chance to defeat MR: 29%)
The enormous slime creature easily resists.
Evoking this partially-identified wand wasted a few charges.
The enormous slime creature hits you!!!
You die...
Your body glows slightly and disappears.

....# ###..............# ##.. .#
#.....J........## #.## .###
#...............### ##..##...##
#........Y...##...## .>........##
#########Y#######... ............
...####.#...'∩'.#. ...)........
#..........#####.
.........##..#########.#....####.
..........##....@J...............
....<......##########....##......
..##.#####..### #.##.# ......
...#.######...# #............
.....((((.)<#.#######.###........
.###..................# #.#......
...#...........######.# #.##....#
................... #.###........
.####.#######.......#.##......#..


You could see an enormous slime creature.

Vanquished Creatures
  Snorg (D:12)
  The ghost of PeterLawrence the Basher, a novice MiFi of Okawaru (D:10)
  2 unseen horrors (D:12)
  4 hill giants
  Psyche (D:8)
  A gargoyle (D:12)
  A komodo dragon (D:11)
  A troll (D:10)
  A two-headed ogre (D:9)
  A slime creature (D:12)
  22 yaks
  A spriggan (D:9)
  2 basilisks (D:11)
  A steam dragon (D:10)
  Eustachio (D:6)
  A hippogriff (D:10)
  A mottled dragon (D:12)
  Menkaure (D:4)
  2 porcupines
  A water moccasin (D:10)
  4 ice beasts
  2 sky beasts (D:8)
  6 orc warriors
  A necrophage (D:7)
  A wasp (D:8)
  A black bear (D:8)
  5 ogres
  A phantom (D:10)
  An eye of draining (D:9)
  11 centaurs
  5 crocodiles
  2 big kobolds
  Blork the orc (D:5)
  2 wyvern zombies (D:6)
  6 giant frogs
  6 scorpions
  A wyvern skeleton (D:11)
  4 killer bees (D:8)
  14 crimson imps
  5 jellies
  2 quasits
  4 giant frog zombies
  4 hounds
  13 orc priests
  6 giant frog skeletons
  6 orc wizards
  A gnoll shaman (D:10)
  2 iguanas
  3 centaur skeletons
  8 worker ants
  2 killer bee zombies
  10 sheep
  2 hound skeletons
  A worker ant zombie (D:6)
  16 adders
  8 gnolls
  4 river rats (D:11)
  A shadow imp (D:6)
  A white imp (D:12)
  An ooze (D:4)
  2 worms
  11 dart slugs
  6 giant geckos
  47 orcs
  A bat zombie (D:5)
  5 giant cockroaches
  8 hobgoblins
  14 jackals
  2 quokkas
  4 ball pythons
  3 bats
  3 giant newts
  8 goblins
  17 kobolds
  8 rats
  A plant (D:11)
361 creatures vanquished.

Vanquished Creatures (others)
  A fungus (D:11)
  4 plants (D:11)
5 creatures vanquished.

Grand Total: 366 creatures vanquished

Notes
Turn   | Place    | Note
--------------------------------------------------------------
     0 | D:1      | magog001 the Minotaur Fighter began the quest for the Orb.
     0 | D:1      | Reached XP level 1. HP: 19/19 MP: 0/0
    45 | D:1      | Reached skill level 4 in Shields
   119 | D:1      | Reached XP level 2. HP: 27/27 MP: 1/1
   414 | D:1      | Reached XP level 3. HP: 23/33 MP: 2/2
  1011 | D:2      | Reached skill level 1 in Dodging
  1028 | D:2      | Reached XP level 4. HP: 40/40 MP: 3/3
  1253 | D:3      | Found a stormy altar of Qazlal.
  1703 | D:3      | Reached skill level 5 in Shields
  1792 | D:3      | Reached XP level 5. HP: 43/47 MP: 4/4
  1903 | D:3      | Reached skill level 1 in Polearms
  2666 | D:4      | Found a staircase to the Ecumenical Temple.
  2668 | D:4      | Got a smoking dagger
  2678 | D:4      | Noticed Menkaure
  2684 | D:4      | Killed Menkaure
  2684 | D:4      | Reached skill level 1 in Throwing
  2684 | D:4      | Reached skill level 5 in Armour
  2684 | D:4      | Reached XP level 6. HP: 10/55 MP: 5/5
  3039 | D:4      | Found a shattered altar of Ashenzari.
  3069 | D:4      | Reached XP level 7. HP: 57/60 MP: 6/6
  3181 | D:4      | Reached skill level 5 in Fighting
  3302 | D:5      | Entered Level 5 of the Dungeon
  3386 | D:5      | Reached skill level 6 in Shields
  3409 | D:5      | Found a shadowy altar of Dithmenos.
  3532 | D:5      | Noticed Blork the orc
  3540 | D:5      | Killed Blork the orc
  3829 | D:5      | Reached XP level 8. HP: 41/68 MP: 7/7
  4145 | D:5      | Found an ancient bone altar of Kikubaaqudgha.
  4297 | D:6      | Got a pair of crude gloves
  4310 | D:6      | Identified the +1 pair of gloves of Egalitarianism {rPois Slay+2} (You found it on level 6 of the Dungeon)
  4393 | D:6      | Noticed Eustachio
  4426 | D:6      | Reached skill level 5 in Dodging
  4443 | D:6      | Killed Eustachio
  4443 | D:6      | Reached skill level 7 in Shields
  5010 | D:6      | Reached skill level 8 in Shields
  5457 | D:7      | Found a white marble altar of Elyvilon.
  5457 | D:7      | Found an oddly glowing altar of Pakellas.
  5457 | D:7      | Found a deep blue altar of Sif Muna.
  5621 | D:7      | Reached XP level 9. HP: 66/75 MP: 8/8
  5914 | D:7      | Reached skill level 5 in Polearms
  6532 | D:8      | Noticed Psyche
  6542 | D:8      | Killed Psyche
  6542 | D:8      | Reached skill level 9 in Shields
  6695 | D:8      | Identified the +6 dagger of Usaillet {freeze, Dex+3} (You found it on level 4 of the Dungeon)
  7295 | D:8      | Found a sparkling altar of Nemelex Xobeh.
  7300 | D:8      | Became a worshipper of Nemelex Xobeh the Trickster
  7361 | D:8      | Reached XP level 10. HP: 80/84 MP: 9/9
  7397 | D:8      | Received a gift from Nemelex Xobeh
  7648 | D:9      | Reached skill level 10 in Shields
  7918 | D:9      | Found a burning altar of Makhleb.
  7918 | D:9      | Found a radiant altar of Vehumet.
  8286 | D:9      | Reached skill level 5 in Throwing
  8365 | D:10     | Entered Level 10 of the Dungeon
  8495 | D:10     | Reached skill level 11 in Shields
  8773 | D:10     | Noticed a hill giant
  8782 | D:10     | Killed a hill giant
  8782 | D:10     | Reached XP level 11. HP: 70/93 MP: 10/10
  8900 | D:10     | Noticed a hill giant
  8912 | D:10     | Killed a hill giant
  9028 | D:10     | Found Qeoteg's General Store.
  9056 | D:10     | Bought a wand of disintegration (10/24) for 196 gold pieces
  9090 | D:10     | Reached * piety under Nemelex Xobeh
  9099 | D:10     | Noticed PeterLawrence's ghost (novice MiFi)
  9126 | D:10     | Killed PeterLawrence's ghost
  9655 | D:10     | Noticed a hill giant
  9672 | D:10     | Killed a hill giant
  9938 | D:11     | Received a gift from Nemelex Xobeh
 10015 | D:11     | Noticed a hill giant
 10021 | D:11     | Killed a hill giant
 10021 | D:11     | Reached skill level 12 in Shields
 10239 | D:11     | Found a portal to a secret trove of treasure.
 10976 | D:11     | Reached skill level 10 in Dodging
 10992 | D:11     | Found a staircase to the Lair.
 11425 | D:11     | Reached ** piety under Nemelex Xobeh
 11640 | D:12     | Received a gift from Nemelex Xobeh
 11885 | D:12     | Killed an unseen horror
 11923 | D:12     | Reached XP level 12. HP: 65/104 MP: 11/11
 11945 | D:12     | Found a staircase to the Orcish Mines.
 12311 | D:12     | Noticed Snorg
 12327 | D:12     | Killed Snorg
 12847 | D:12     | Found Rej Ocaz's Magic Scroll Boutique.
 12852 | D:12     | Bought a scroll of identify for 36 gold pieces
 12852 | D:12     | Bought a scroll of identify for 36 gold pieces
 12852 | D:12     | Bought a scroll of enchant armour for 135 gold pieces
 12852 | D:12     | Bought a scroll of identify for 36 gold pieces
 12926 | D:12     | Mangled by an enormous slime creature

Skill      XL: |  1  2  3  4  5  6  7  8  9 10 11 |
---------------+----------------------------------+-----
Shields        | 4 5 6 8 9 11 12 | 12.6
Armour         | 4 5 6 7 9 |  9.4
Fighting       | 4 5 6 7 9 |  9.3
Dodging        | 1 2 3 4 6 8 9 10 | 10.7
Polearms       | 2 3 4 6 7 9 |  9.3
Throwing       | 1 2 4 5 6 |  6.3
Axes           | |  2.6
Evocations     | |  0.6

Action                   |  1- 3 |  4- 6 |  7- 9 | 10-12 || total
-------------------------+-------+-------+-------+-------++-------
Melee: War axe           |    86 |       |       |       ||    86
       Headbutt          |    13 |    32 |    75 |   163 ||   283
       Spear             |     5 |   153 |   388 |   580 ||  1126
Throw: Tomahawk          |       |       |       |    21 ||    21
Evoke: Deck              |       |       |       |     3 ||     3
       Wand              |       |       |       |    18 ||    18
  Use: Scroll            |       |     6 |    12 |    11 ||    29
       Potion            |       |       |     9 |     5 ||    14
  Eat: Chunk             |       |     6 |     5 |    11 ||    22
       Meat ration       |       |     1 |     1 |     1 ||     3
       Pizza             |       |       |     1 |       ||     1
       Beef jerky        |       |       |       |     2 ||     2
Armor: Scale mail        |    38 |       |       |       ||    38
       Ring mail         |    16 |    62 |   135 |   145 ||   358
       Skin              |       |       |    37 |       ||    37
Dodge: Dodged            |    33 |    39 |   182 |   239 ||   493
Block: Shield            |    54 |    57 |   296 |   296 ||   703
